 Dungeon Crawl Stone Soup version 0.16-a0-3855-gd2600ac (webtiles) character file.

27109 HungrySameoo the Fighter (level 13, -1/109 HPs)
             Began as a Hill Orc Ice Elementalist on Jan 31, 2015.
             Was the Champion of Cheibriados.
             Slain by a yak (4 damage)
             ... on level 1 of the Lair of Beasts.
             The game lasted 00:52:07 (14331 turns).

HungrySameoo the Fighter (HOIE)                    Turns: 14331, Time: 00:52:07

Health: -1/109     AC:  8    Str: 27    XL:     13   Next: 30%
Magic:  17/27      EV: 17    Int: 39    God:    Cheibriados [******]
Gold:   330        SH:  0    Dex: 26    Spells: 8 memorised, 0 levels left

rFire  . . .     SeeInvis .       - Unarmed
rCold  + . .     Clarity  .     a - +1 robe
rNeg   . . .     SustAb   .     (shield currently unavailable)
rPois  .         Gourm    .     f - +0 hat {MR+}
rElec  .         Spirit   .     R - +3 cloak of Flash {+Fly EV+4}
rCorr  .         Warding  .     (gloves currently unavailable)
rMut   .         Stasis   .     q - +0 pair of boots
MR     +....                    (no amulet)
Stlth  +++.......               N - +5 ring of intelligence
                                e - ring of ice

@: blade hands, very slow, somewhat resistant to hostile enchantments, fairly
stealthy
A: fire resistance 1, frail 1, screaming 1
a: End Transformation, Bend Time, Temporal Distortion, Slouch, Step From Time,
Renounce Religion, Evoke Flight


You were on level 1 of the Lair of Beasts.
You worshipped Cheibriados.
Cheibriados was exalted by your worship.
You were not hungry.
You had blades for hands.
You visited 3 branches of the dungeon, and saw 14 of its levels.

You collected 610 gold pieces.
You spent 280 gold pieces at shops.

Inventory:

Hand weapons
 y - a +2 quarterstaff of protection
Armour
 a - a +1 robe (worn)
 f - a +0 hat of magic resistance (worn)
 q - a +0 pair of boots (worn)
 L - a troll hide
 R - the +3 cloak of Flash (worn) {+Fly EV+4}
   (You found it on level 10 of the Dungeon)

   It affects your evasion (+4).
   It lets you fly.
Jewellery
 e - a ring of ice (left scythe-like blade)
 t - an uncursed ring of fire
 u - a +4 ring of evasion
 E - an uncursed ring of poison resistance
 F - an uncursed ring of teleport control
 N - a +5 ring of intelligence (right scythe-like blade)
 O - an uncursed amulet of stasis
Magical devices
 d - a wand of fireball (7)
 p - a wand of flame (46)
 w - a wand of fireball (6)
 P - a wand of disintegration (10)
Scrolls
 l - 3 scrolls of remove curse
 s - 2 scrolls of teleportation
 B - 5 scrolls of identify
 G - a scroll of fog
 J - a scroll of enchant armour
 Q - 4 scrolls of recharging
Potions
 h - 2 potions of cancellation
 m - 4 potions of curing
 n - 2 potions of brilliance
 o - a potion of magic {unknown}
 v - a potion of agility
 D - 2 potions of resistance
Books
 b - a book of Frost

   Spells                             Type                      Level
   a - Freeze                         Ice                          1
   b - Throw Frost                    Conjuration/Ice              2
   c - Ozocubu's Armour               Charms/Ice                   3
   d - Throw Icicle                   Conjuration/Ice              4
   e - Summon Ice Beast               Ice/Summoning                4
   f - Condensation Shield            Ice                          4
 i - a book of Changes

   Spells                             Type                      Level
   a - Beastly Appendage              Transmutation                1
   b - Sticks to Snakes               Transmutation                2
   c - Spider Form                    Transmutation/Poison         3
   d - Ice Form                       Ice/Transmutation            4
   e - Blade Hands                    Transmutation                5
 z - a Necronomicon {highlevel, unknown}

   This book is beyond your current level of understanding.

   Spells                             Type                      Level
   a - Haunt                          Necromancy/Summoning         7
   b - Borgnjor's Revivification      Necromancy                   8
   c - Death's Door                   Charms/Necromancy            8
   d - Necromutation                  Transmutation/Necromancy     8
 A - a book of Envenomations

   Spells                             Type                      Level
   a - Spider Form                    Transmutation/Poison         3
   b - Alistair's Intoxication        Transmutation/Poison         4
   c - Olgreb's Toxic Radiance        Poison                       4
   d - Poisonous Cloud                Conjuration/Poison/Air       6
 C - a book of the Sky

   Spells                             Type                      Level
   a - Flight                         Charms/Air                   3
   b - Airstrike                      Air                          4
   c - Silence                        Hexes/Air                    5
   d - Deflect Missiles               Charms/Air                   6
   e - Conjure Ball Lightning         Conjuration/Air              6
   f - Tornado                        Air                          9
Comestibles
 c - 5 meat rations
 g - 2 slices of pizza
 j - 10 royal jellies
 k - 3 fruits
 r - 4 bread rations
 x - 4 beef jerkies


   Skills:
 - Level 13.2 Fighting
 - Level 2.2 Staves
 - Level 1.7 Dodging
 - Level 1.5 Stealth
 * Level 10.2 Unarmed Combat
 + Level 6.2 Spellcasting
 - Level 1.0 Conjurations
 * Level 7.1 Transmutations
 - Level 10.2 Ice Magic
 + Level 4.6 Invocations


You couldn't memorise any spells.
You knew the following spells:

 Your Spells              Type           Power        Failure   Level  Hunger
a - Freeze                Ice            ####         6%          1    None
b - Throw Frost           Conj/Ice       ######       12%         2    None
c - Ozocubu's Armour      Chrm/Ice       ######..     14%         3    None
d - Beastly Appendage     Trmt           ######       10%         1    None
e - Ice Form              Ice/Trmt       #######.     14%         4    #......
f - Blade Hands           Trmt           ######....   32%         5    ####...
g - Throw Icicle          Conj/Ice       ######..     24%         4    #......
h - Condensation Shield   Ice            #######...   12%         4    #......


Dungeon Overview and Level Annotations

Branches:
Dungeon (12/15)            Temple (1/1) D:4            Lair (1/8) D:10
    Orc (0/4) D:9

Altars:
Ashenzari
Cheibriados
Dithmenos
Elyvilon
Fedhas
Gozag
Kikubaaqudgha
Makhleb
Nemelex Xobeh
Qazlal
Ru
Vehumet
Yredelemnul
Zin
The Shining One

Shops:
D:8 !   D:9 (

Annotations:
D:3 Impoz's ghost, average FoFi
D:6 Grinder


Innate Abilities, Weirdness & Mutations

Your flesh is heat resistant.
You are frail (-10% HP).
You occasionally shout uncontrollably at your foes.


Message History

Use which ability? (? or * to list)
Okay, then.
Read which item? (? for menu, Esc to quit)
Okay, then.
Use which ability? (? or * to list)
Okay, then.
Drink which item? (? for menu, Esc to quit)
Okay, then.
Read which item? (? for menu, Esc to quit)
Okay, then.
Evoke which item? (* to show all) (? for menu, Esc to quit)
Okay, then.
Use which ability? (? or * to list)
You step out of the flow of time.
You return to the normal time flow.
You feel somewhat more hungry.
The yak bellows!
The yak gores you!
* * * LOW HITPOINT WARNING * * *
The yak completely misses you. The yak gores you.
You die...

..................## #
#..........#... ##
#............... #. .
#..............# #.
...##.............# ##.
.....$............# #P≈
...#....YY......### #♣≈.
.....#.YYY.......##
≈≈PP≈
..#####@..Y..÷...♣≈≈≈PP.
# #.####.#....♣ P≈≈≈≈ ##
#..###...♣ ≈P≈≈≈ ## #..#
.#.♣ ≈≈≈P≈ ## #.####.##
..#♣ P≈≈≈≈ ...##......#
... ≈≈≈≈P≈ ........P.##
...P♣≈≈≈≈≈ .......P_P##
...##≈≈≈≈≈ #..........#
. ≈♣≈≈≈≈


You could see 6 yaks.

Vanquished Creatures
  Gastronok (D:9)
  Josephine (D:10)
  Harold (D:12)
  Nergalle (D:10)
  2 unseen horrors
  A hill giant (D:9)
  An oklob plant (Lair:1)
  A griffon (D:12)
  2 cyclopes
  2 ugly things (D:11)
  A manticore (D:11)
  Joseph (D:11)
  Psyche (D:9)
  A centaur skeleton (D:12)
  2 kobold demonologists (D:12)
  3 komodo dragons
  3 trolls
  4 slime creatures (D:12)
  2 wyverns
  3 wraiths
  A deep elf mage (D:11)
  A hill giant zombie (D:9)
  3 hungry ghosts
  18 yaks
  Grum (D:11)
  4 hippogriffs
  A deep elf fighter (D:10)
  The ghost of lauthentik the Insei, an average DrTm of Qazlal (D:4)
  Menkaure (D:4)
  4 wolves
  2 porcupines (Lair:1)
  4 sky beasts
  4 orc warriors
  A wasp (D:9)
  7 ice beasts
  4 ogres
  A spider (D:9)
  5 phantoms
  A boring beetle (D:9)
  4 big kobolds
  8 centaurs
  Sigmund (D:7)
  Duvessa (D:7)
  A brain worm (D:12)
  Blork the orc (D:5)
  2 giant frogs
  A water moccasin zombie (D:12)
  10 killer bees
  2 wyvern skeletons
  A troll zombie (D:9)
  A yak zombie (D:10)
  3 scorpions
  A yak skeleton (D:10)
  2 electric eels (D:12)
  3 centaur zombies
  Dowan (D:7)
  7 crimson imps
  A giant frog zombie (D:12)
  2 giant frog skeletons
  3 goliath beetles
  A wyvern simulacrum (D:12)
  A quasit (D:10)
  A wasp zombie (D:10)
  Crazy Yiuf (D:7)
  5 orc priests
  5 hounds
  5 orc wizards
  12 worker ants
  Natasha (thrice) (D:4)
  6 iguanas
  2 sheep (D:9)
  5 ogre zombies (D:9)
  2 hound skeletons
  A mummy (D:8)
  3 worker ant zombies
  16 adders
  4 river rats (D:10)
  5 white imps (D:12)
  4 shadow imps
  A worm (D:2)
  An ufetubus (D:12)
  An adder skeleton (D:10)
  28 orcs
  25 bats
  A bat skeleton (D:10)
  A bat zombie (D:5)
  7 giant cockroaches
  10 hobgoblins
  6 jackals
  20 kobolds
  4 giant geckos
  5 giant newts
  2 giant spores
  3 goblins
  3 goblin skeletons (D:9)
  3 goblin zombies (D:9)
  A hobgoblin skeleton (D:9)
  A hobgoblin zombie (D:9)
  2 orc skeletons (D:9)
  14 orc zombies
  9 quokkas
  27 rats
  A rat skeleton (D:10)
  A rat zombie (D:5)
  22 ballistomycetes
435 creatures vanquished.

Vanquished Creatures (others)
  2 kobolds (D:8)
2 creatures vanquished.

Grand Total: 437 creatures vanquished

Notes
Turn   | Place    | Note
--------------------------------------------------------------
     0 | D:1      | HungrySameoo, the Hill Orc Ice Elementalist, began the quest for the Orb.
     0 | D:1      | Reached XP level 1. HP: 14/14 MP: 2/2
   275 | D:1      | Reached skill level 3 in Ice Magic
   281 | D:1      | Reached XP level 2. HP: 17/20 MP: 1/3
   292 | D:1      | Learned a level 2 spell: Throw Frost
   980 | D:1      | Reached XP level 3. HP: 20/26 MP: 0/5
  1068 | D:2      | Found a sacrificial altar of Ru.
  1809 | D:3      | Noticed Impoz's ghost (average FoFi)
  1861 | D:3      | Reached skill level 4 in Ice Magic
  1870 | D:3      | Reached XP level 4. HP: 27/33 MP: 3/7
  2378 | D:2      | Learned a level 3 spell: Ozocubu's Armour
  2411 | D:3      | Found a white marble altar of Elyvilon.
  2412 | D:3      | Found a burning altar of Makhleb.
  2607 | D:4      | Noticed lauthentik's ghost (average DrTm)
  2726 | D:4      | Reached XP level 5. HP: 38/38 MP: 9/9
  2922 | D:4      | Noticed Natasha
  2941 | D:4      | Killed Natasha
  2941 | D:4      | Reached skill level 1 in Staves
  2958 | D:4      | Found a staircase to the Ecumenical Temple.
  2964 | Temple   | Entered the Ecumenical Temple
  2973 | Temple   | Reached skill level 5 in Ice Magic
  2973 | Temple   | Reached XP level 6. HP: 37/45 MP: 4/11
  3077 | Temple   | Became a worshipper of Cheibriados the Contemplative
  3124 | D:4      | Noticed Menkaure
  3135 | D:4      | Killed Menkaure
  3157 | D:4      | Killed lauthentik's ghost
  3157 | D:4      | Reached XP level 7. HP: 50/50 MP: 8/14
  3296 | D:4      | Noticed Natasha
  3300 | D:4      | Killed Natasha
  3304 | D:4      | Learned a level 1 spell: Beastly Appendage
  3309 | D:4      | Learned a level 4 spell: Ice Form
  3360 | D:4      | Noticed Natasha
  3363 | D:4      | Killed Natasha
  3452 | D:5      | Entered Level 5 of the Dungeon
  3654 | D:5      | Noticed Blork the orc
  3665 | D:5      | Killed Blork the orc
  3665 | D:5      | Reached skill level 6 in Ice Magic
  3667 | D:5      | Reached skill level 1 in Unarmed Combat
  3970 | D:5      | Found an ancient bone altar of Kikubaaqudgha.
  4139 | D:6      | Noticed Grinder
  4155 | D:7      | Reached skill level 1 in Transmutations
  4201 | D:7      | Reached skill level 1 in Fighting
  4241 | D:7      | Noticed Sigmund
  4249 | D:7      | Killed Sigmund
  4257 | D:7      | Reached XP level 8. HP: 38/59 MP: 13/16
  4613 | D:7      | Noticed a hippogriff
  4621 | D:7      | Killed a hippogriff
  4701 | D:7      | Noticed Duvessa
  4701 | D:7      | Noticed Dowan
  4734 | D:7      | Killed Dowan
  4859 | D:7      | Found an opulent altar of Gozag.
  4932 | D:7      | Noticed Crazy Yiuf
  4937 | D:7      | Killed Crazy Yiuf
  5453 | D:7      | Killed Duvessa
  5644 | D:8      | Found Tengaila's Distillery.
  5658 | D:8      | Bought a potion of lignification for 42 gold pieces
  5658 | D:8      | Bought a potion of brilliance for 56 gold pieces
  5658 | D:8      | Bought a potion of agility for 56 gold pieces
  5658 | D:8      | Bought a potion of heal wounds for 70 gold pieces
  5658 | D:8      | Bought a potion of agility for 56 gold pieces
  5689 | D:8      | Reached XP level 9. HP: 62/68 MP: 5/18
  5837 | D:8      | Acquired Cheibriados' first power
  5837 | D:8      | Reached skill level 7 in Ice Magic
  6239 | D:8      | Reached skill level 5 in Unarmed Combat
  6648 | D:9      | Learned a level 5 spell: Blade Hands
  6662 | D:9      | Found an opulent altar of Gozag.
  6686 | D:9      | Noticed a hill giant
  6696 | D:9      | Killed a hill giant
  6966 | D:9      | Noticed Gastronok
  6988 | D:9      | Killed Gastronok
  6988 | D:9      | Reached skill level 8 in Ice Magic
  6988 | D:9      | Reached XP level 10. HP: 78/80 MP: 19/21
  7039 | D:9      | Noticed a cyclops
  7045 | D:9      | Found a staircase to the Orcish Mines.
  7066 | D:9      | Killed a cyclops
  7066 | D:9      | Acquired Cheibriados' second power
  7391 | D:9      | Reached skill level 12 in Fighting
  7391 | D:9      | Reached XP level 11. HP: 84/105 MP: 22/22
  7421 | D:9      | Found a radiant altar of Vehumet.
  7452 | D:9      | Noticed Psyche
  7460 | D:9      | Killed Psyche
  7495 | D:9      | Reached skill level 5 in Transmutations
  7600 | D:9      | Found Enumn's Antique Weapon Emporium.
  8002 | D:9      | Reached skill level 5 in Spellcasting
  8184 | D:9      | Acquired Cheibriados' third power
  9123 | D:10     | Entered Level 10 of the Dungeon
  9195 | D:10     | Noticed Josephine
  9209 | D:10     | Killed Josephine
  9435 | D:10     | Reached XP level 12. HP: 87/113 MP: 19/24
  9550 | D:10     | Found a staircase to the Lair.
  9928 | D:10     | Noticed Nergalle
 10025 | D:10     | Killed Nergalle
 10138 | D:10     | Gained mutation: You are frail (-10% HP). [mutagenic meat]
 10139 | D:10     | Gained mutation: Your flesh is heat resistant. [mutagenic meat]
 10300 | D:10     | Learned a level 4 spell: Throw Icicle
 10375 | D:11     | Noticed Grum
 10386 | D:11     | Killed Grum
 10536 | D:11     | Reached skill level 1 in Invocations
 11223 | D:11     | Reached skill level 13 in Fighting
 11228 | D:11     | Gained mutation: You occasionally shout uncontrollably at your foes. [mutagenic meat]
 11602 | D:11     | Noticed Joseph
 11610 | D:11     | Killed Joseph
 12938 | D:12     | Reached skill level 10 in Ice Magic
 12948 | D:12     | Noticed Harold
 12956 | D:12     | Killed Harold
 13169 | D:12     | Reached XP level 13. HP: 109/109 MP: 20/26
 13551 | D:12     | Reached skill level 10 in Unarmed Combat
 13892 | Lair:1   | Entered Level 1 of the Lair of Beasts
 13929 | Lair:1   | Learned a level 4 spell: Condensation Shield
 14123 | Lair:1   | Found a basalt altar of Yredelemnul.
 14331 | Lair:1   | HP: 3/109 [yak (15)]
 14331 | Lair:1   | Slain by a yak

Action                   |  1- 3 |  4- 6 |  7- 9 | 10-12 | 13-15 || total
-------------------------+-------+-------+-------+-------+-------++-------
Melee: Club              |    18 |     2 |       |       |       ||    20
       Quarterstaff      |       |    36 |   200 |   171 |       ||   407
       Unarmed           |       |       |    49 |   484 |   103 ||   636
       Falchion          |       |       |     3 |       |       ||     3
 Cast: Freeze            |    52 |    38 |    77 |    13 |       ||   180
       Throw Frost       |     3 |     5 |    33 |    14 |     3 ||    58
       Beastly Appendage |       |       |     3 |    14 |     2 ||    19
       Ozocubu's Armour  |       |       |     6 |    16 |     2 ||    24
       Ice Form          |       |       |     2 |    15 |     1 ||    18
       Blade Hands       |       |       |     2 |     9 |     7 ||    18
       Throw Icicle      |       |       |       |    10 |       ||    10
       Condensation Shie |       |       |       |       |     2 ||     2
Invok: Step From Time    |       |       |       |       |     1 ||     1
  Use: Scroll            |     8 |     6 |     7 |     8 |       ||    29
       Potion            |       |     3 |     6 |     5 |       ||    14
 Stab: Sleeping          |       |     1 |     3 |       |     6 ||    10
       Distracted        |       |       |       |     1 |     2 ||     3
  Eat: Chunk             |     4 |     4 |    11 |    11 |     3 ||    33
       Fruit             |       |     1 |     2 |     6 |       ||     9
       Beef jerky        |       |       |       |     3 |       ||     3
       Pizza             |       |       |       |     1 |       ||     1
